AoeStats
← RDalton77

Black Forest

504943029Analyzed
1v1 RM · 25d ago on Sep 7, 2026· 22m 51s· 2 players
Game mode
Random Map
Map size
Tiny (2 player)
Population
200
Speed
Normal
Resources
Standard
Victory
Conquest
Starting age
Dark Age
Ending age
Imperial Age
RankedLock teamsTeams togetherTeam positionsShared explorationLock speedFull tech treeHidden civsTurbo modeCheats
Victory
Defeat
🇦🇺 Bulgarians · Australia
913
+17
🇦🇺 Koreans · Australia
940
-17
Just some black guy
1:39 Loom
13:25 Feudal Age
21:06 Castle Age
20:08 Double-Bit Axe
20:13 Horse Collar
21:26 Bloodlines
RDalton77
5:31 Loom
11:19 Feudal Age
14:00 Double-Bit Axe
16:24 Fletching
19:23 Horse Collar
Connection lost

Rejoining the realm…

Still unreachable

The connection could not be restored.

Session expired

The server has moved on; the page needs a fresh start.